 Dungeon Crawl Stone Soup version 0.30-a0-719-gcc4359ea44 (webtiles) character file.

Game seed: 10746176496553998526

8184 testman the Covert (level 11, -7/69 HPs)
             Began as a Kobold Brigand on Jan 25, 2023.
             Was an Elder of Dithmenos.
             Mangled by a meliai simulacrum (13 damage)
             ... in a Gauntlet on Jan 26, 2023.
             The game lasted 00:43:51 (10260 turns).

testman the Covert (Kobold Brigand)                Turns: 10260, Time: 00:43:51

Health: -7/69      AC: 11    Str:  9    XL:     11   Next: 51%
Magic:  18/18      EV: 18    Int: 13    God:    Dithmenos [****..]
Gold:   293        SH:  0    Dex: 26    Spells: 8/19 levels left

rFire   . . .      SeeInvis .    q - +8 short sword "Omestran" {heavy, rN+ Will+}
rCold   . . .      Faith    .    (no shield)
rNeg    + . .      Spirit   .    I - +0 steam dragon scales
rPois   .          Reflect  .    f - +1 helmet
rElec   .          Harm     .    c - +1 cloak
rCorr   .          Rampage  .    p - +0 pair of gloves
Will    +....      NoTele   +    N - +0 pair of boots
Stlth   ++++++++++               (no amulet)
HPRegen 0.31/turn                S - +6 ring of dexterity
MPRegen 0.16/turn                E - ring of wizardry

@: wreathed by umbra
A: small, no large weapons, nightstalker 3
a: Renounce Religion, Shadow Step


You were in a Gauntlet.
You worshipped Dithmenos.
Dithmenos was greatly pleased with you.
You visited 1 branch of the dungeon, and saw 11 of its levels.
You also visited: Ossuary and Gauntlet.

You collected 643 gold pieces.
You spent 350 gold pieces at shops.

Inventory:

Hand Weapons
 a - a +2 dagger
 q - the +8 short sword "Omestran" (weapon) {heavy, rN+ Will+}
   (You found it on level 2 of the Dungeon)

   rN:        It protects you from negative energy.
   Will:      It increases your willpower.
Missiles
 d - 33 poisoned darts (quivered)
 e - 3 curare-tipped darts
 r - 12 boomerangs
 D - 4 atropa-tipped darts
Armour
 b - a +0 robe
 c - a +1 cloak (worn)
 f - a +1 helmet (worn)
 p - a +0 pair of gloves (worn)
 I - +0 steam dragon scales (worn)
 N - a +0 pair of boots (worn)
Jewellery
 t - a ring of protection from fire
 E - a ring of wizardry (right hand)
 H - a ring of see invisible
 O - an amulet of faith
 S - a +6 ring of dexterity (left hand)
Wands
 K - a wand of iceblast (5)
 L - a wand of light (2)
 R - a wand of flame (9)
Scrolls
 h - 4 scrolls of vulnerability
 j - 5 scrolls of amnesia
 o - 7 scrolls of teleportation
 u - 4 scrolls of blinking
 x - 2 scrolls of poison
 y - a scroll of noise
 Q - a scroll of fear
 T - 4 scrolls of brand weapon {unknown}
Potions
 g - 5 potions of haste
 i - 2 potions of degeneration {unknown}
 k - 6 potions of attraction {unknown}
 l - 2 potions of flight
 m - 3 potions of heal wounds {unknown}
 n - 5 potions of lignification
 s - 2 potions of mutation {unknown}
 v - a potion of brilliance {unknown}
 z - 2 potions of might {unknown}
 B - a potion of resistance
 C - a potion of cancellation {unknown}
 J - 3 potions of curing
 P - 2 potions of ambrosia {unknown}


   Skills:
 + Level 8.3 Fighting
 + Level 10.0 Short Blades
 - Level 3.2 Throwing
 + Level 4.3 Dodging
 + Level 11.6 Stealth
 + Level 4.7 Spellcasting
 + Level 4.7 Hexes
 - Level 2.0 Ice Magic
 - Level 3.0 Air Magic
 + Level 1.4 Earth Magic
 + Level 7.5 Invocations


You had 8 spell levels left.
You knew the following spells:

 Your Spells              Type           Power      Damage    Failure   Level
a - Slow                  Hex            60%        N/A       1%          1
b - Confusing Touch       Hex            15%        N/A       3%          3
c - Ensorcelled Hibernat  Hex/Ice        22%        N/A       3%          2
d - Passwall              Tmut/Erth      3%         N/A       9%          2
e - Swiftness             Air            10%        N/A       7%          3

Your spell library contained the following spells:

 Spells                   Type           Power      Damage    Failure   Level
 Freeze                   Ice            32%        1d5       3%          1
 Static Discharge         Conj/Air       12%        2-3/arc   6%          2
 Kiss of Death            Conj/Necr      12%        2d6       8%          1
 Summon Guardian Golem    Hex/Summ       9%         N/A       9%          3
 Frozen Ramparts          Ice            16%        1d3       11%         3
 Vhi's Electric Charge    Tloc/Air       12%        N/A       12%         3
 Hailstorm                Conj/Ice       5%         3d4       16%         3
 Ignite Poison            Fire/Tmut/Pois 3%         N/A       22%         3
 Ice Form                 Ice/Tmut       5%         N/A       43%         4
 Summon Ice Beast         Ice/Summ       5%         N/A       43%         4
 Dispel Undead            Necr           3%         3d7       56%         4
 Sticky Flame             Conj/Fire      3%         2d3       56%         4
 Arcjolt                  Conj/Air       3%         1d13      71%         5
 Lightning Bolt           Conj/Air       3%         1d14      71%         5
 Starburst                Conj/Fire      1%         6d3       100%        6
 Ignition                 Fire           1%         3d3       100%        8
 Fire Storm               Conj/Fire      1%         8d1       100%        9


Dungeon Overview and Level Annotations

Branches:
Dungeon (11/15)            Temple (0/1) D:7            Lair (0/5) D:11
Ossuary (visited)         Gauntlet (1/1)
    Orc: D:9-12

Altars:
Dithmenos
Fedhas
Gozag
Wu Jian
Zin

Shops:
D:8 :

Annotations:
Gauntlet 11 transporters, exclusions: ice statue and obsidian statue


Innate Abilities, Weirdness & Mutations

You are small and have problems with some larger weapons.
You are completely attuned to the shadows.


Message History

The cane toad simulacrum is severely damaged.
You hit the cane toad simulacrum.
The cane toad simulacrum vaporises!
Dithmenos accepts your kill.
You hit the centaur warrior simulacrum but do no damage.
The centaur warrior simulacrum closely misses you.
The centaur warrior simulacrum misses you.
You puncture the centaur warrior simulacrum!
The centaur warrior simulacrum is moderately damaged.
You puncture the centaur warrior simulacrum!
The centaur warrior simulacrum is severely damaged.
The centaur warrior simulacrum hits you.
The centaur warrior simulacrum freezes you!
The centaur warrior simulacrum kicks you but does no damage.
You puncture the centaur warrior simulacrum!
The centaur warrior simulacrum is almost destroyed.
The meliai simulacrum barely misses you. x2
The centaur warrior simulacrum hits you but does no damage.
The centaur warrior simulacrum kicks you.
The centaur warrior simulacrum freezes you!!
* * * LOW HITPOINT WARNING * * *
You are too injured to fight recklessly!
Unknown command.
Okay, then.
The meliai simulacrum hits you.
* * * LOW HITPOINT WARNING * * *
The meliai simulacrum freezes you!
* * * LOW HITPOINT WARNING * * *
The meliai simulacrum closely misses you.
Okay, then.
Cast which spell? (? or * to list)
Okay, then.
Unknown command.
You feel better.
The meliai simulacrum closely misses you.
The meliai simulacrum barely misses you.
The meliai simulacrum hits you.
* * * LOW HITPOINT WARNING * * *
The meliai simulacrum freezes you!
You die...

.©.#....§.............≈....#.©.#.
...#...≈8§...........≈8≈...#...#.
.©.#....≈.............≈....#.©.#.
#######...###########...#########
.....p#.8.##.?.©...##...#B?#.©.#.
#.##.h#...#.#.....#.#...##..#.#..
.h ##.#####..#...#..#...#.#..#..#
#.#...#...#.#...#...#..# #.
..#©.©#...Z#@...#...##.. ..
#p#...#. #Z#...#...#.#. .#
...##.#####..#...#..#...#..#.©.#.
#.##..#...#.#.....#.#.∩.#...#.#..
......#.8.##.......##...#B.Z.#...
#######...###########...#########
...............©.............©...
.....................≈∩≈.........
#################################


You could see a meliai simulacrum.

Vanquished Creatures
  Snorg (D:11)
  Maurice (D:10)
  A gargoyle (D:10)
  2 trolls
  2 hornets
  2 wyverns (D:8)
  Sigmund (D:4)
  3 wraiths
  3 yaks (D:9)
  2 steam dragons
  A water moccasin (D:6)
  A meliai simulacrum (Gauntlet)
  4 orc warriors
  3 ogres
  2 ice beasts
  4 centaurs
  3 kobold brigands
  5 bullfrogs
  3 necrophages (D:6)
  3 scorpions
  2 gnoll sergeants
  A cane toad simulacrum (Gauntlet)
  4 wights (D:7)
  22 killer bees
  2 gnoll boudas
  A jelly (D:8)
  2 orc priests (D:4)
  5 iguanas
  6 orc wizards
  Natasha (twice) (D:2)
  A mummy (Ossuary)
  15 gnolls
  8 adders
  4 shadow imps
  A white imp (D:8)
  2 ufetubi
  A worm (D:3)
  A dart slug (D:5)
  14 orcs
  6 ball pythons
  A bat (D:2)
  8 endoplasms
  6 giant cockroaches
  8 goblins
  6 hobgoblins
  6 quokkas
  4 frilled lizards
  7 gnoll skeletons (Ossuary)
  26 kobolds
  5 kobold skeletons (Ossuary)
  12 orc skeletons (Ossuary)
  A quokka zombie (D:4)
  6 rats
243 creatures vanquished.

Vanquished Creatures (collateral kills)
  An ice beast (D:11)
1 creature vanquished.

Vanquished Creatures (others)
  5 fungi (D:4)
  14 withered plants (Gauntlet)
19 creatures vanquished.

Grand Total: 263 creatures vanquished

Notes
Turn   | Place    | Note
-------+----------+-------------------------------------------
     0 | D:1      | testman the Kobold Brigand began the quest for the Orb.
     0 | D:1      | Reached XP level 1. HP: 12/12 MP: 1/1
   257 | D:1      | Reached XP level 2. HP: 18/18 MP: 2/2
   732 | D:2      | Reached XP level 3. HP: 22/22 MP: 3/3
   743 | D:2      | Identified the +8 short sword "Omestran" {heavy, rN+ Will+}
   812 | D:2      | Found a shadowy altar of Dithmenos.
   821 | D:2      | Became a worshipper of Dithmenos the Shadowed
  1356 | D:2      | Noticed Natasha
  1359 | D:2      | Killed Natasha
  1360 | D:2      | Reached skill level 6 in Stealth
  1360 | D:2      | Reached XP level 4. HP: 28/28 MP: 4/4
  1386 | D:2      | Noticed Natasha
  1390 | D:2      | Killed Natasha
  1496 | D:3      | Found a shadowy altar of Dithmenos.
  1688 | D:3      | Reached XP level 5. HP: 32/32 MP: 5/5
  2214 | D:3      | Reached * piety under Dithmenos
  2445 | D:4      | Reached skill level 1 in Invocations
  2487 | D:4      | Found an opulent altar of Gozag.
  2602 | D:4      | Reached XP level 6. HP: 38/38 MP: 5/7
  3030 | D:4      | Found a sand-covered staircase.
  3036 | Ossuary  | Entered an ossuary
  3094 | Ossuary  | Noticed a wraith
  3114 | Ossuary  | Killed a wraith
  3115 | Ossuary  | Reached skill level 5 in Short Blades
  3115 | Ossuary  | Reached skill level 7 in Stealth
  3115 | Ossuary  | Reached XP level 7. HP: 27/43 MP: 8/8
  3204 | Ossuary  | Reached ** piety under Dithmenos
  3304 | Ossuary  | Noticed a wraith
  3307 | Ossuary  | Noticed a wraith
  3311 | Ossuary  | Noticed a wraith
  3676 | D:4      | Noticed Sigmund
  3680 | D:4      | Killed Sigmund
  4021 | D:4      | Reached XP level 8. HP: 38/48 MP: 10/10
  4149 | D:5      | Entered Level 5 of the Dungeon
  4333 | D:5      | Reached skill level 5 in Fighting
  4333 | D:5      | Reached skill level 8 in Stealth
  4586 | D:5      | Noticed a hornet
  4589 | D:5      | Killed a hornet
  4761 | D:5      | Reached skill level 9 in Stealth
  4878 | D:6      | Reached XP level 9. HP: 38/55 MP: 12/12
  4887 | D:6      | Reached skill level 5 in Invocations
  5023 | D:6      | Got the Information on the Glowing Wyrd
  5026 | D:6      | Learned a level 1 spell: Slow
  5130 | D:5      | Reached skill level 1 in Hexes
  5316 | D:6      | Reached *** piety under Dithmenos
  5317 | D:6      | Reached skill level 1 in Spellcasting
  5846 | D:6      | Reached skill level 10 in Stealth
  5949 | D:6      | Learned a level 3 spell: Confusing Touch
  5949 | D:6      | Found a blossoming altar of Fedhas.
  6251 | D:7      | Found Zin's Purification Station.
  6251 | D:7      | Found a glowing silver altar of Zin.
  6273 | D:7      | Bought a potion of curing for 90 gold pieces
  6573 | D:7      | Found an ornate altar of the Wu Jian Council.
  6607 | D:7      | Reached XP level 10. HP: 63/63 MP: 14/14
  6649 | D:7      | Found a staircase to the Ecumenical Temple.
  6997 | D:7      | Reached **** piety under Dithmenos
  7321 | D:8      | Found Impuma's Book Shop.
  7326 | D:8      | Bought a book of Burglary for 260 gold pieces
  7329 | D:8      | Learned a level 2 spell: Ensorcelled Hibernation
  7332 | D:8      | Learned a level 2 spell: Passwall
  7336 | D:8      | Learned a level 3 spell: Swiftness
  7565 | D:8      | Reached skill level 1 in Air Magic
  7570 | D:8      | Reached skill level 1 in Ice Magic
  8186 | D:9      | Reached skill level 11 in Stealth
  8526 | D:9      | Reached XP level 11. HP: 39/68 MP: 17/17
  9149 | D:10     | Entered Level 10 of the Dungeon
  9195 | D:10     | Noticed Maurice
  9198 | D:10     | Killed Maurice
  9600 | D:10     | Reached skill level 1 in Earth Magic
  9855 | D:11     | Noticed Snorg
  9857 | D:11     | Killed Snorg
  9858 | D:11     | Reached skill level 10 in Short Blades
  9905 | D:11     | Found a gate leading to a gauntlet.
  9913 | D:11     | Upgraded the game from 0.30-a0-718-geaa24f58ff to
                  | 0.30-a0-719-gcc4359ea44
  9917 | Gauntlet | Entered a Gauntlet
  9961 | Gauntlet | Noticed a death scarab
  9975 | Gauntlet | Noticed a death scarab
 10003 | Gauntlet | Found a transporter.
 10003 | Gauntlet | Found a transporter.
 10017 | Gauntlet | Found the dreamshard necklace {*Dream Drain}
 10019 | Gauntlet | Found a transporter.
 10019 | Gauntlet | Noticed an obsidian statue
 10055 | Gauntlet | Found a transporter.
 10069 | Gauntlet | Found a transporter.
 10084 | Gauntlet | Found a transporter.
 10084 | Gauntlet | Noticed a necromancer
 10099 | Gauntlet | Found a transporter.
 10125 | Gauntlet | Found a transporter.
 10139 | Gauntlet | Found a transporter.
 10161 | Gauntlet | Found a transporter.
 10177 | Gauntlet | Found a transporter.
 10180 | Gauntlet | Noticed a boulder beetle
 10181 | Gauntlet | Found a transporter.
 10259 | Gauntlet | HP: 3/69 [meliai simulacrum (15)]
 10260 | Gauntlet | Mangled by a meliai simulacrum

Illustrated notes

Levels and vault maps discovered:
D:1:      evilmike_arrival_rings, layout_basic, st_stairs_6
D:2:      layout_loops_ring, basic_altar, uniq_natasha
D:3:      layout_loops_corners, nicolae_dithmenos_shadow_blocks
D:4:      layout_basic, mainiacjoe_overflow_chevrons, enter_ossuary_4,
          uniq_sigmund
D:5:      layout_loops_ring, kennysheep_generic_room_13
D:6:      layout_cave_pools, fedhas_altar_2
D:7:      layout_basic, nicolae_wu_jian_immortal_techniques, zin_purify,
          temple_green
D:8:      layout_loops_ring, serial_shops, nicolae_shop_hallway_stairs
D:9:      layout_long_grid, glass_columns_a
D:10:     layout_long_grid, uniq_maurice
D:11:     layout_basic, hellmonk_lair_entry_icy, gauntlet_entry_generic,
          uniq_snorg
Gauntlet: gammafunk_gauntlet_shortcut [gammafunk_gauntlet_arena_arrow_garden,
          gammafunk_gauntlet_arena_open, nicolae_gauntlet_arena_x,
          gammafunk_gauntlet_arena_split_diamond,
          nicolae_gauntlet_arena_flowing_pool, gammafunk_gauntlet_arena_grid,
          gauntlet_exit_hidden_loot]

Skill      XL: |  1  2  3  4  5  6  7  8  9 10 11 |
---------------+----------------------------------+-----
Short Blades   | 3 4 5 7 8 9 10 | 10.0
Fighting       | 3 4 6 7 8 |  8.3
Throwing       | 3 |  3.2
Stealth        | 6 7 9 10 11 | 11.6
Invocations    | 1 2 3 4 6 7 |  7.5
Hexes          | 2 4 |  4.7
Spellcasting   | 2 4 |  4.7
Dodging        | 3 4 |  4.3
Air Magic      | 2 3 |  3.0
Ice Magic      | 2 |  2.0
Earth Magic    | 1 |  1.4

Action                     |  1- 3 |  4- 6 |  7- 9 | 10-12 || total
---------------------------+-------+-------+-------+-------++-------
  Melee: Dagger            |    51 |       |       |       ||    51
         Punch             |     2 |     1 |     3 |       ||     6
         Short sword       |    21 |    73 |   200 |   191 ||   485
  Throw: Dart              |       |       |     2 |     1 ||     3
    Use: Scroll            |       |     7 |       |     9 ||    16
         Potion            |       |       |       |     1 ||     1
   Stab: Sleeping          |    11 |    11 |    25 |    33 ||    80
         Distracted        |     1 |       |     1 |       ||     2
 Armour: Robe              |     9 |    11 |    29 |       ||    49
         Steam dragon scal |       |       |    12 |    46 ||    58
  Dodge: Dodged            |    34 |    65 |   149 |   172 ||   420

Table legend: (Time is in decaauts)
 A = Elapsed time spent in this place.
 B = Non-inter-level travel time spent in this place.
 C = Inter-level travel time spent in this place.
 D = Time resting spent in this place.
 E = Time spent auto-exploring this place.
 F = Levels seen in this place.
 G = Mean time per level.
                   A        B        C        D        E       F      G
               +--------+--------+--------+--------+--------+-----+--------+
         Total |  10249 |   9580 |    669 |    581 |   7140 |  13 |  788.4 |
       Dungeon |   9610 |   8941 |    669 |    581 |   6695 |  11 |  873.6 |
       Ossuary |    299 |    299 |      0 |      0 |    195 |   1 |  299.0 |
      Gauntlet |    340 |    340 |      0 |      0 |    250 |   1 |  340.0 |
               +--------+--------+--------+--------+--------+-----+--------+

Top non-repeatable levels by time:
     D:4: 1460 daAuts
     D:9: 1215 daAuts
     D:5: 1144 daAuts
     D:6: 1022 daAuts
     D:3: 976 daAuts
     D:7: 905 daAuts
     D:2: 726 daAuts
     D:1: 712 daAuts
    D:10: 694 daAuts
     D:8: 687 daAuts
Gauntlet: 340 daAuts
 Ossuary: 299 daAuts
    D:11: 66 daAuts
